 Dungeon Sprint DCSS version 0.21-a0-364-gbd1fde4 (webtiles) character file.

815 Kidiri the Skirmisher (level 7, 0/117 HPs)
             Began as a Troll Hunter on Oct 14, 2017.
             Was a Believer of Trog.
             Slain by a manticore (15 damage)
             ... in the Dungeon (Sprint IX: "|||||||||||||||||||||||||||||").
             The game lasted 00:02:09 (267 turns).

Kidiri the Skirmisher (Troll Hunter)                 Turns: 267, Time: 00:02:10

Health: 0/117      AC:  6    Str: 30    XL:     7   Next: 62%
Magic:  6/6        EV: 13    Int: 10    God:    Trog [**....]
Gold:   0          SH:  0    Dex: 11    Spells: 6/6 levels left

rFire    . . .     SeeInvis .   r - +2 morningstar (crush)
rCold    . . .     Gourm    +   (no shield)
rNeg     . . .     Faith    .   b - +0 robe
rPois    .         Spirit   .   (helmet restricted)
rElec    .         Reflect  .   x - +0 cloak
rCorr    .         Harm     .   (gloves unavailable)
MR       ++...     NoTele   +   (boots unavailable)
Stlth    ..........             (no amulet)
HPRegen  1.69/turn              z - +3 ring of strength
MPRegen  0.10/turn              A - +3 ring of intelligence

@: berserking (expiring), regenerating, very quick
A: unfitting armour, claws 3, fast metabolism 3, gourmand, regeneration 1,
shaggy fur 1, tough skin 2
a: Berserk, Trog's Hand, Burn Spellbooks, Renounce Religion


You were in the Dungeon.
You worshipped Trog.
Trog was pleased with you.
You were very full.

You visited 1 branch

Inventory:

Hand Weapons
 j - a +0 giant club
 n - a +0 dagger
 p - a +0 shortbow
 r - a +2 morningstar of crushing (weapon)
Missiles
 c - 3 large rocks (quivered)
 d - a throwing net
 q - 11 arrows
Armour
 b - a +0 robe (worn)
 x - a +0 cloak (worn)
Jewellery
 z - a +3 ring of strength (left claw)
 A - a +3 ring of intelligence (right claw)
Wands
 o - a wand of acid (7/15)
Scrolls
 k - 2 scrolls of blinking
 m - 3 scrolls of remove curse
Potions
 e - 5 potions of curing
 g - 3 potions of heal wounds
 h - a potion of haste
 i - 4 potions of magic
 l - a potion of invisibility
Comestibles
 a - 4 chunks of flesh
 f - 2 bread rations


   Skills:
 * Level 7.2 Fighting
 * Level 5.7 Maces & Flails
 + Level 6.5 Throwing
 * Level 6.9 Armour
 * Level 7.1 Dodging
 - Level 0.3 Stealth


You had 6 spell levels left.
You didn't know any spells.

Dungeon Overview and Level Annotations

Branches:
Dungeon (1/1)

Altars:
Cheibriados
Dithmenos
Elyvilon
Fedhas
Gozag
Hepliaklqana
Kikubaaqudgha
Makhleb
Nemelex Xobeh
Okawaru
Qazlal
Ru
Sif Muna
Trog
Uskayaw
Vehumet
Wu Jian
Xom
Yredelemnul
Zin
The Shining One
Beogh
Jiyva
Lugonu


Innate Abilities, Weirdness & Mutations

You are too large for most types of armour.
You have claws for hands.
Your metabolism is lightning-fast.
You like to eat raw meat.
Your natural rate of healing is unusually fast.
You are covered in fur. (AC +1)
You have very tough skin. (AC +2)


Message History

The manticore flicks its tail.
The volley of spikes misses you. The manticore bites you.
* * * LOW HITPOINT WARNING * * *
The manticore misses you. The manticore claws you!
* * * LOW HITPOINT WARNING * * *
You see here a large rock.
You bludgeon the manticore!!
The manticore is almost dead.
You barely miss the manticore.
The manticore is almost dead.
The manticore bites you!
* * * LOW HITPOINT WARNING * * *
The manticore claws you but does no damage.
The manticore claws you.
* * * LOW HITPOINT WARNING * * *
You closely miss the manticore.
The manticore is almost dead.
The manticore bites you!
You die... ▓▓▓▓▓▓▓▓▓▓▓▓▓▓▓▓▓▓▓▓▓▓▓ ........'.....((@HTzu.+ ▓▓▓▓▓▓▓▓▓▓▓▓▓▓▓▓▓▓▓▓▓▓▓

You could see a purple ugly thing, a skeletal warrior, a manticore and a troll.

Vanquished Creatures
  A cyclops (D)
  A wraith (D)
  An ogre (D)
  A centaur (D)
  A big kobold (D)
  A hound (D)
  An iguana (D)
  A worker ant (D)
  A dart slug (D)
  3 leopard geckos (D)
  A bat (D)
  A frilled lizard (D)
  A jackal skeleton (D)
  A quokka skeleton (D)
  A quokka zombie (D)
  A rat (D)
18 creatures vanquished.

Notes
Turn   | Place    | Note
-------+----------+-------------------------------------------
     0 | D        | Kidiri the Troll Hunter began the quest for the Orb.
     0 | D        | Reached XP level 1. HP: 19/19 MP: 0/0
    11 | D        | Reached skill level 1 in Armour
    20 | D        | Noticed an ogre
    20 | D        | Noticed a worker ant
    20 | D        | Noticed an iguana
    25 | D        | Killed an ogre
    25 | D        | Reached XP level 2. HP: 19/32 MP: 1/1
    25 | D        | Reached XP level 3. HP: 23/39 MP: 2/2
    25 | D        | Reached XP level 4. HP: 29/48 MP: 3/3
    32 | D        | Reached skill level 5 in Throwing
    32 | D        | Reached XP level 5. HP: 25/55 MP: 4/4
    47 | D        | Found a roughly hewn altar of Beogh.
    47 | D        | Found a snail-covered altar of Cheibriados.
    47 | D        | Found a shadowy altar of Dithmenos.
    47 | D        | Found a white marble altar of Elyvilon.
    47 | D        | Found a blossoming altar of Fedhas.
    47 | D        | Found an opulent altar of Gozag.
    48 | D        | Found a hazy altar of Hepliaklqana.
    49 | D        | Found a viscous altar of Jiyva.
    50 | D        | Found an ancient bone altar of Kikubaaqudgha.
    51 | D        | Found a corrupted altar of Lugonu.
    52 | D        | Found a burning altar of Makhleb.
    53 | D        | Found a sparkling altar of Nemelex Xobeh.
    54 | D        | Found an iron altar of Okawaru.
    55 | D        | Found a stormy altar of Qazlal.
    56 | D        | Found a sacrificial altar of Ru.
    57 | D        | Found a deep blue altar of Sif Muna.
    58 | D        | Found a bloodstained altar of Trog.
    59 | D        | Found a hide-covered altar of Uskayaw.
    60 | D        | Found a radiant altar of Vehumet.
    61 | D        | Found an ornate altar of the Wu Jian Council.
    62 | D        | Found a shimmering altar of Xom.
    63 | D        | Found a basalt altar of Yredelemnul.
    64 | D        | Found a glowing silver altar of Zin.
    65 | D        | Found a glowing golden altar of the Shining One.
    66 | D        | Became a worshipper of Trog the Wrathful
   221 | D        | Noticed a centaur
   223 | D        | Reached skill level 1 in Maces & Flails
   227 | D        | Reached * piety under Trog
   228 | D        | Reached skill level 5 in Fighting
   232 | D        | Killed a centaur
   232 | D        | Reached skill level 5 in Armour
   232 | D        | Reached skill level 5 in Dodging
   238 | D        | Reached ** piety under Trog
   238 | D        | Reached XP level 6. HP: 57/67 MP: 5/5
   254 | D        | Noticed a wraith
   254 | D        | Noticed a cyclops
   254 | D        | Noticed a manticore
   254 | D        | Noticed a troll
   254 | D        | Noticed a skeletal warrior
   254 | D        | Noticed a purple ugly thing
   257 | D        | Killed a wraith
   263 | D        | Killed a cyclops
   263 | D        | Reached skill level 5 in Maces & Flails
   263 | D        | Reached XP level 7. HP: 33/78 MP: 6/6
   267 | D        | Slain by a manticore

Vault maps used:
D:        linesprint

Skill      XL: |  1  2  3  4  5  6 |
---------------+-------------------+-----
Fighting       | 4 5 7 |  7.2
Armour         | 3 4 5 6 |  6.9
Dodging        | 4 5 7 |  7.1
Throwing       | 4 5 6 |  6.5
Maces & Flails | 3 5 |  5.7
Stealth        | |  0.3

Action                   |  1- 3 |  4- 6 |  7- 9 || total
-------------------------+-------+-------+-------++-------
Melee: Unarmed           |    11 |     8 |       ||    19
       Morningstar       |       |    20 |     3 ||    23
Throw: Throwing net      |       |     2 |       ||     2
       Large rock        |       |     2 |       ||     2
Invok: Berserk           |       |     1 |       ||     1
       Trog's Hand       |       |     1 |       ||     1
  Use: Potion            |     1 |       |       ||     1
 Stab: Sleeping          |     1 |       |       ||     1
  Eat: Chunk             |       |     8 |       ||     8
Armor: Robe              |     1 |     3 |     1 ||     5
Dodge: Dodged            |     3 |    18 |     2 ||    23

Table legend:
 A = Spawn XP
 B = Non-spawn XP
 C = Spawn XP percentage of total XP
 D = Spawn monster count
 E = Non-spawn monster count
 F = Spawn count percentage of total count
 G = Total turns spent on level
                    A         B        C        D         E        F      G
               +---------+---------+-------+---------+---------+-------+---------
         Total |       0 |    1165 |   0.0 |       0 |      18 |   0.0 |   267
               +---------+---------+-------+---------+---------+-------+---------
             D |       0 |    1165 |   0.0 |       0 |      18 |   0.0 |   267
               +---------+---------+-------+---------+---------+-------+---------
